 Dungeon Crawl Stone Soup version 0.20.0-7-g3b7b877 (webtiles) character file.

29748 JeffiDaFish the Blocker (level 13, -4/85 HPs)
             Began as a Gargoyle Fighter on May 29, 2017.
             Was the Champion of Okawaru.
             Slain by an eight-headed hydra (10 damage)
             ... on level 4 of the Lair of Beasts.
             The game lasted 00:35:33 (13566 turns).

JeffiDaFish the Blocker (Gargoyle Fighter)         Turns: 13566, Time: 00:35:33

Health: -4/85      AC: 32    Str: 23    XL:     13   Next: 47%
Magic:  0/4        EV: 12    Int: 11    God:    Okawaru [******]
Gold:   1183       SH:  0    Dex: 16    Spells: 12/12 levels left

rFire    + + .     SeeInvis .   A - +8 dire flail "Jine" {antimagic, Dex+3 Stlth-}
rCold    + . .     Gourm    .   (shield currently unavailable)
rNeg     + + +     Faith    .   B - +4 chain mail {rF+}
rPois    ∞         Spirit   +   x - +2 hat of the Bear Spirit {Spirit, +Rage rN+ MR++}
rElec    +         Reflect  .   y - +1 cloak
rCorr    .         Harm     .   E - +2 pair of gloves {Str+3}
MR       ++...                  w - +2 pair of boots
Stlth    ..........             r - amulet of regeneration
Regen    0.7/turn               l - ring of positive energy
MPRegen  0.1/turn               g - +3 ring of strength

@: no status effects
A: cold resistance 1, deformed body, fire resistance 1, negative energy
resistance 1, electricity resistance, weak 1, unbreathing, petrification
resistance, rot immunity, AC +9
a: Heroism, Finesse, Renounce Religion, Evoke Berserk Rage


You were on level 4 of the Lair of Beasts.
You worshipped Okawaru.
Okawaru was exalted by your worship.
You were not hungry.

You visited 3 branches of the dungeon, and saw 16 of its levels.
You also visited: Volcano.

You collected 1183 gold pieces.

Inventory:

Hand Weapons
 t - a +3 war axe of freezing
 A - the +8 dire flail "Jine" (weapon) {antimagic, Dex+3 Stlth-}
   (Okawaru gifted it to you on level 3 of the Lair of Beasts)

   It reduces the magical energy of the wielder, and disrupts the spells and
   magical abilities of those hit.
   Natural abilities and divine invocations are not affected.
   It affects your dexterity (+3).
   It makes you less stealthy.
 C - the +10 battleaxe "Cunteux" {holy, *Slow Str+7 Int+4}
   (Okawaru gifted it to you on level 11 of the Dungeon)

   It has been blessed by the Shining One to cause great damage to the undead
   and demons.
   It affects your strength (+7).
   It affects your intelligence (+4).
   It may slow you when you take damage.
Armour
 c - a +1 shield
 w - a +2 pair of boots (worn)
 x - the +2 hat of the Bear Spirit (worn) {Spirit, +Rage rN+ MR++}
   (You found it on level 8 of the Dungeon)

   It protects you from negative energy.
   It affects your resistance to hostile enchantments.
   It lets you go berserk.
 y - a +1 cloak (worn)
 B - a +4 chain mail of fire resistance (worn)
 E - a +2 pair of gloves of strength (worn)
Jewellery
 g - a +3 ring of strength (right hand)
 l - a ring of positive energy (left hand)
 r - an amulet of regeneration (around neck)
Wands
 n - a wand of random effects (12/48)
 o - a wand of iceblast (7/15)
 p - a wand of clouds (4/9)
Scrolls
 a - a scroll of recharging
 e - 5 scrolls of fog
 h - 4 scrolls of remove curse
 j - 7 scrolls of teleportation
 q - 3 scrolls of identify
 v - 3 scrolls of fear
 z - 4 scrolls of amnesia
 D - a scroll of blinking
Potions
 d - 2 potions of might
 m - 3 potions of curing
 s - a potion of resistance
Comestibles
 b - 7 fruits
 f - 5 bread rations
 i - 7 royal jellies
 k - 4 meat rations
 u - 8 chunks of flesh


   Skills:
 * Level 11.8 Fighting
 * Level 9.4(9.8) Axes
 - Level 4.3(7.9) Maces & Flails
 * Level 11.5 Armour
 + Level 6.6 Dodging
 - Level 1.0 Stealth
 * Level 12.1 Shields
 + Level 0.2 Invocations


You had 12 spell levels left.
You didn't know any spells.

Dungeon Overview and Level Annotations

Branches:
Dungeon (11/15)            Temple (1/1) D:4            Lair (4/6) D:11
  Swamp (0/4) Lair:3       Spider (0/4) Lair:3          Orc (0/2) D:10

Altars:
Ashenzari
Cheibriados
Dithmenos
Elyvilon
Fedhas
Gozag
Hepliaklqana
Kikubaaqudgha
Makhleb
Nemelex Xobeh
Okawaru
Qazlal
Ru
Sif Muna
Trog
Uskayaw
Vehumet
Xom
Yredelemnul
Zin
The Shining One
Beogh

Shops:
D:8 }   D:11 :

Annotations:
D:5 1 runed door
D:10 Maurice


Innate Abilities, Weirdness & Mutations

You are resistant to torment.
Your stone body is resilient. (AC +9)
You are immune to poison.
You resist negative energy. (rN+)
You are resistant to electric shocks. (rElec)
You can survive without breathing.
You are immune to petrification.
You are immune to rotting.
Your flesh is cold resistant. (rC+)
Armour fits poorly on your strangely shaped body.
Your flesh is heat resistant. (rF+)
You are weak. (Str -2)


Message History

The eight-headed hydra bites you.
* * * LOW HITPOINT WARNING * * *
You feel better.
The eight-headed hydra bites you but does no damage.
The eight-headed hydra barely misses you.
The eight-headed hydra bites you but does no damage. x2
The eight-headed hydra bites you!
* * * LOW HITPOINT WARNING * * *
The eight-headed hydra bites you but does no damage.
The eight-headed hydra barely misses you.
The eight-headed hydra bites you but does no damage.
You feel better.
The eight-headed hydra bites you but does no damage.
The eight-headed hydra closely misses you. x3
The eight-headed hydra bites you!
* * * LOW HITPOINT WARNING * * *
The eight-headed hydra barely misses you.
The eight-headed hydra closely misses you.
The eight-headed hydra bites you!
You die...

###.............#
##...............#
#................#
##...............P#
##....(...........##
#P...............##
##...............#
##.............##
##.@..........#
##D.........##
..........## ....
........÷..P# .....
.##.#......### P....
.# #####...### .....
.# ##....###..... ##
###..##......
#......###.


You could see an eight-headed hydra.

Vanquished Creatures
  The ghost of Whaleporn the Impaler, a journeyman MfGl of Hepliaklqana (Volcano)
  Snorg (Lair:3)
  A fire dragon (Volcano)
  2 hydras
  The ghost of Rhandor the Destroyer, a journeyman BaCj of Gozag (D:9)
  A lindwurm (Volcano)
  Pikel (D:6)
  An oklob plant (D:11)
  The ghost of Shayle the Chiller, a novice DsIE of Vehumet (D:7)
  2 ugly things (D:11)
  2 black mambas
  8 elephants
  2 molten gargoyles (Volcano)
  6 spiny frogs
  2 rime drakes
  3 komodo dragons
  A hornet (Lair:3)
  4 blink frogs (Lair:2)
  7 hippogriffs
  2 fire bats (Volcano)
  33 yaks
  A steam dragon (Volcano)
  Eustachio (D:5)
  3 hungry ghosts
  Duvessa (D:4)
  A soldier ant (D:5)
  7 water moccasins
  12 porcupines
  3 hell hounds (Volcano)
  2 ice beasts
  4 slaves (D:6)
  2 orc warriors (D:6)
  3 sky beasts
  2 ogres
  3 phantoms
  5 wolves (Lair:2)
  2 centaurs (D:9)
  4 crocodiles
  A big kobold (D:9)
  14 bullfrogs
  Dowan (D:4)
  8 scorpions
  9 killer bees
  2 howler monkeys (D:11)
  5 crimson imps
  8 lava snakes (Volcano)
  3 quasits
  A bullfrog zombie (D:11)
  3 jellies
  6 orc wizards
  2 hounds (D:6)
  Crazy Yiuf (D:6)
  6 orc priests
  A centaur skeleton (D:7)
  A gnoll shaman (D:6)
  2 bullfrog skeletons
  Natasha (D:2)
  4 iguanas
  6 hell rats (Lair:2)
  6 worker ants
  2 killer bee zombies (D:8)
  A hound skeleton (D:5)
  2 worker ant zombies
  9 gnolls
  12 adders
  4 shadow imps
  An ooze (D:5)
  An adder skeleton (D:4)
  2 worms
  2 dart slugs
  3 leopard geckos
  24 orcs
  A ball python (D:5)
  8 giant cockroaches
  4 goblins
  2 hobgoblins (D:1)
  5 jackals
  3 quokkas
  5 bats
  6 frilled lizards
  9 kobolds
  A quokka skeleton (D:4)
  6 rats
  6 plants
348 creatures vanquished.

Vanquished Creatures (others)
  5 dream sheep (Lair:2)
  2 fungi (Lair:2)
  2 plants
9 creatures vanquished.

Grand Total: 357 creatures vanquished

Notes
Turn   | Place    | Note
-------+----------+-------------------------------------------
     0 | D:1      | JeffiDaFish the Gargoyle Fighter began the quest for the Orb.
     0 | D:1      | Reached XP level 1. HP: 14/14 MP: 1/1
   117 | D:1      | Reached XP level 2. HP: 19/19 MP: 2/2
   622 | D:2      | Reached XP level 3. HP: 23/23 MP: 3/3
   819 | D:2      | Noticed Natasha
   832 | D:2      | Killed Natasha
   832 | D:2      | Reached skill level 4 in Shields
   832 | D:2      | Reached XP level 4. HP: 9/28 MP: 4/4
  1497 | D:3      | Noticed a hippogriff
  1506 | D:3      | Killed a hippogriff
  1506 | D:3      | Reached skill level 1 in Dodging
  1506 | D:3      | Reached skill level 1 in Stealth
  1506 | D:3      | Reached XP level 5. HP: 6/33 MP: 5/5
  1506 | D:3      | Reached XP level 6. HP: 7/38 MP: 6/6
  1861 | D:3      | Found a blossoming altar of Fedhas.
  1942 | D:3      | Reached skill level 5 in Shields
  2533 | D:4      | Noticed a phantom
  2589 | D:4      | Killed a phantom
  2711 | D:4      | Reached XP level 7. HP: 38/43 MP: 7/7
  2903 | D:4      | Noticed Duvessa
  2903 | D:4      | Noticed Dowan
  2912 | D:4      | Killed Duvessa
  2916 | D:4      | Killed Dowan
  2916 | D:4      | Reached skill level 1 in Axes
  3046 | D:4      | Found a staircase to the Ecumenical Temple.
  3057 | Temple   | Entered the Ecumenical Temple
  3156 | Temple   | Became a worshipper of Warmaster Okawaru
  3458 | D:5      | Entered Level 5 of the Dungeon
  3607 | D:5      | Reached skill level 5 in Armour
  3607 | D:5      | Reached skill level 6 in Shields
  3714 | D:5      | Reached XP level 8. HP: 48/48 MP: 8/8
  3829 | D:5      | Reached skill level 5 in Fighting
  3836 | D:5      | Found a runed door.
  3853 | D:5      | Found a runed door.
  3865 | D:5      | Reached * piety under Okawaru
  4599 | D:6      | Noticed Eustachio
  4657 | D:5      | Killed Eustachio
  4657 | D:5      | Reached skill level 7 in Shields
  4657 | D:5      | Reached XP level 9. HP: 55/55 MP: 9/9
  4915 | D:6      | Noticed Pikel
  4979 | D:6      | Killed Pikel
  4979 | D:6      | Reached ** piety under Okawaru
  5035 | D:6      | Found a runed door.
  5039 | D:6      | Noticed Crazy Yiuf
  5044 | D:6      | Killed Crazy Yiuf
  6000 | D:7      | Gained mutation: Your flesh is heat resistant. (rF+) [potion of mutation]
  6000 | D:7      | Gained mutation: You are weak. (Str -2) [potion of mutation]
  6000 | D:7      | Gained mutation: Armour fits poorly on your strangely shaped body. [potion of mutation]
  6000 | D:7      | Gained mutation: Your flesh is cold resistant. (rC+) [potion of mutation]
  6035 | D:7      | Paralysed by fainting for 6 turns
  6047 | D:7      | Reached *** piety under Okawaru
  6047 | D:7      | Reached skill level 8 in Shields
  6066 | D:7      | Reached XP level 10. HP: 60/63 MP: 10/10
  6109 | D:7      | Reached skill level 5 in Axes
  6215 | D:7      | Noticed Shayle's ghost (novice DsIE)
  6245 | D:7      | Killed Shayle's ghost
  6347 | D:7      | Reached **** piety under Okawaru
  6389 | D:7      | Found a glowing silver altar of Zin.
  6660 | D:8      | Found Gexoez's Gadget Shop.
  7680 | D:9      | Noticed Rhandor's ghost (journeyman BaCj)
  7697 | D:9      | Killed Rhandor's ghost
  7790 | D:9      | Reached skill level 9 in Shields
  8184 | D:9      | Reached XP level 11. HP: 69/69 MP: 11/11
  8338 | D:10     | Entered Level 10 of the Dungeon
  8356 | D:10     | Found a staircase to the Orcish Mines.
  8371 | D:10     | Reached ***** piety under Okawaru
  8377 | D:10     | Found a roughly hewn altar of Beogh.
  8385 | D:10     | Noticed Maurice
  8447 | D:10     | You fall through a shaft!
  8644 | D:11     | Found an opulent altar of Gozag.
  8664 | D:11     | Found Kaumyla's Book Emporium.
  9001 | D:11     | Noticed an oklob plant
  9014 | D:11     | Received a gift from Okawaru
  9017 | D:11     | Got a twisted battleaxe {god gift}
  9023 | D:11     | Identified the +10 battleaxe "Cunteux" {holy, *Slow Str+7 Int+4} (Okawaru gifted it to you on level 11 of the Dungeon)
  9256 | D:11     | Noticed a green ugly thing
  9257 | D:11     | Noticed a cyan ugly thing
  9269 | D:11     | Killed a cyan ugly thing
  9274 | D:11     | Killed a cyan ugly thing
  9274 | D:11     | Reached skill level 5 in Dodging
  9286 | D:11     | Found a staircase to the Lair.
  9313 | D:11     | Killed an oklob plant
  9395 | Lair:1   | Entered Level 1 of the Lair of Beasts
  9537 | Lair:1   | Reached skill level 10 in Shields
  9746 | Lair:1   | You fall through a shaft!
  9829 | Lair:2   | Received a gift from Okawaru
  9881 | Lair:2   | Noticed a seven-headed hydra
 10055 | D:11     | Killed a seven-headed hydra
 10055 | D:11     | Reached skill level 10 in Armour
 10179 | Lair:1   | Reached skill level 10 in Fighting
 10501 | Lair:2   | Reached XP level 12. HP: 48/77 MP: 7/12
 10849 | Lair:2   | Found a shimmering altar of Xom.
 11229 | Lair:3   | Found a dark tunnel.
 11234 | Volcano  | Entered a volcano
 11433 | Volcano  | Noticed Whaleporn's ghost (journeyman MfGl)
 11468 | Volcano  | Killed Whaleporn's ghost
 11468 | Volcano  | Reached skill level 11 in Shields
 11771 | Volcano  | Found a bloodstained altar of Trog.
 11785 | Volcano  | Reached ****** piety under Okawaru
 11913 | Volcano  | Noticed a fire dragon
 11931 | Volcano  | Killed a fire dragon
 12169 | Lair:3   | Received a gift from Okawaru
 12330 | Lair:3   | Found a staircase to the Swamp.
 12416 | Lair:3   | Noticed Snorg
 12427 | Lair:3   | Killed Snorg
 12439 | Lair:3   | Reached XP level 13. HP: 75/84 MP: 10/13
 12499 | Lair:3   | Found a hole to the Spider Nest.
 12965 | Lair:3   | Got a bloodstained dire flail {god gift}
 12972 | Lair:3   | Identified the +8 dire flail "Jine" {antimagic, Dex+3 Stlth-} (Okawaru gifted it to you on level 3 of the Lair of Beasts)
 13253 | Lair:4   | Reached skill level 12 in Shields
 13264 | Lair:4   | Received a gift from Okawaru
 13566 | Lair:4   | Slain by an eight-headed hydra

Skill      XL: |  1  2  3  4  5  6  7  8  9 10 11 12 13 |
---------------+----------------------------------------+-----
Shields        | 4 5 6 7 8 9 10 11 12 | 12.1
Maces & Flails | 4 |  4.3
Armour         | 4 5 6 7 8 10 11 | 11.5
Dodging        | 1 2 3 4 5 6 |  6.6
Stealth        | 1 |  1.0
Fighting       | 4 5 7 8 10 11 | 11.8
Axes           | 2 3 4 6 7 9 |  9.4
Invocations    | |  0.2

Action                   |  1- 3 |  4- 6 |  7- 9 | 10-12 | 13-15 || total
-------------------------+-------+-------+-------+-------+-------++-------
Melee: Flail             |    83 |   138 |    11 |       |       ||   232
       War axe           |       |       |   362 |   750 |   193 ||  1305
       Mace              |       |       |       |    18 |    26 ||    44
       Dire flail        |       |       |       |       |     6 ||     6
Invok: Heroism           |       |       |       |       |     1 ||     1
Evoke: Wand              |       |       |       |     5 |       ||     5
  Use: Scroll            |     8 |     3 |     6 |     6 |     1 ||    24
       Potion            |     1 |     3 |     3 |    12 |     3 ||    22
 Stab: Invisible         |       |       |       |     8 |       ||     8
  Eat: Chunk             |       |     6 |    13 |    24 |     4 ||    47
       Royal jelly       |       |       |     1 |     1 |       ||     2
Armor: Scale mail        |    42 |    49 |       |       |       ||    91
       Chain mail        |       |    23 |    76 |    55 |   259 ||   413
       Plate armour      |       |       |   188 |   507 |       ||   695
Dodge: Dodged            |    30 |    55 |   121 |   248 |   155 ||   609
Block: Shield            |    49 |    84 |   259 |   606 |   191 ||  1189
